 Dungeon Crawl Stone Soup version 0.27.1-33-g824d729ab1 (webtiles) character file.

Game seed: 10379979620488850320

16 corevian the Covered (level 2, -3/27 HPs)
             Began as a Minotaur Fighter on Dec 6, 2021.
             Slain by a gnoll (5 damage)
             ... on level 2 of the Dungeon.
             The game lasted 00:02:29 (954 turns).

corevian the Covered (Minotaur Fighter)              Turns: 954, Time: 00:02:30

Health: -3/27      AC:  7    Str: 20    XL:     2   Next: 41%
Magic:  1/1        EV:  7    Int:  5    God:
Gold:   71         SH:  9    Dex:  9    Spells: 1/1 levels left

rFire    . . .     SeeInvis .   a - +0 war axe
rCold    . . .     Faith    .   c - +0 kite shield
rNeg     . . .     Spirit   .   b - +0 scale mail
rPois    .         Reflect  .   (helmet restricted)
rElec    .         Harm     .   (no cloak)
rCorr    .         Rampage  .   (no gloves)
Will     .....                  (no boots)
Stlth    ..........             (no amulet)
HPRegen  0.09/turn              (no ring)
MPRegen  0.07/turn              (no ring)

@: mighty
A: horns 2, retaliatory headbutt
a: no special abilities


You were on level 2 of the Dungeon.
You visited 1 branch of the dungeon, and saw 2 of its levels.

You collected 71 gold pieces.

Inventory:

Hand Weapons
 a - a +0 war axe (weapon)
Armour
 b - a +0 scale mail (worn)
 c - a +0 kite shield (worn)
Scrolls
 e - a scroll of enchant armour {unknown}
 g - a scroll of fear {unknown}
 h - a scroll of teleportation {unknown}
Potions
 f - a potion of degeneration {unknown}
 i - a potion of curing {unknown}


   Skills:
 + Level 3.9 Fighting
 + Level 2.8 Axes
 + Level 4.0 Armour
 + Level 3.8 Shields


You had one spell level left.
You didn't know any spells.
Your spell library contained the following spells:

 Spells                   Type           Power      Damage    Failure   Level
 Fulminant Prism          Conj/Hex       0%         3d6       100%        4
 Iskenderun's Mystic Bla  Conj/Tloc      0%         2d3       100%        4
 Lee's Rapid Deconstruct  Erth           0%         3d5*      100%        5


Dungeon Overview and Level Annotations

Branches:
Dungeon (2/15)

Altars:


Innate Abilities, Weirdness & Mutations

You have a pair of horns on your head.
You reflexively headbutt those who attack you in melee.


Message History

You block the gnoll's attack. x2; The gnoll hits you but does no damage.
The gnoll barely misses you.
You hit the gnoll.
The gnoll is almost dead.
You closely miss the gnoll. The gnoll completely misses you.
You furiously retaliate!
You headbutt the gnoll. You block the gnoll's attack.
The gnoll hits you from afar with a +0 spear.
The gnoll barely misses you. The gnoll completely misses you.
You are too injured to fight recklessly!
You are too injured to fight recklessly!
You are too injured to fight recklessly!
You are too injured to fight recklessly!
You are too injured to fight recklessly!
You are too injured to fight recklessly!
You are too injured to fight recklessly!
You are too injured to fight recklessly!
You are too injured to fight recklessly!
You are too injured to fight recklessly!
You are too injured to fight recklessly!
You are too injured to fight recklessly!
You are too injured to fight recklessly!
You are too injured to fight recklessly!
You are too injured to fight recklessly!
You are too injured to fight recklessly!
You are too injured to fight recklessly!
You are too injured to fight recklessly!
You are too injured to fight recklessly!
You are too injured to fight recklessly!
You are too injured to fight recklessly!
You are too injured to fight recklessly!
You are too injured to fight recklessly!
You are too injured to fight recklessly!
The gnoll hits you with a +0 whip!
* * * LOW HITPOINT WARNING * * *
You feel very mighty all of a sudden.
You slice the gnoll!!
You kill the gnoll!
The gnoll barely misses you.
The gnoll hits you from afar with a +0 spear.
You die...

######.#.# #.#.# ###
#.#.# #.#.# ..## #.#.#
#...
...###.#.#######..##
...†...............#
...##.##.#######...#
....<.##.# #gg.#
.#######.# #g..# .#
#.#######@).#### .#
#................
.########........<######
...†......#########
###########


You could see 3 gnolls.

Vanquished Creatures
  A gnoll (D:2)
  4 endoplasms
  A giant cockroach (D:1)
  3 hobgoblins
  A kobold (D:1)
  A quokka (D:1)
  2 ball pythons
  2 rats
15 creatures vanquished.

Notes
Turn   | Place    | Note
-------+----------+-------------------------------------------
     0 | D:1      | corevian the Minotaur Fighter began the quest for the Orb.
     0 | D:1      | Reached XP level 1. HP: 19/19 MP: 0/0
   262 | D:1      | Reached XP level 2. HP: 24/27 MP: 1/1
   837 | D:2      | Reached skill level 4 in Armour
   954 | D:2      | Slain by a gnoll

Illustrated notes

Levels and vault maps discovered:
D:1:      tarquinn_simple_flora_water_d, layout_basic
D:2:      layout_loops_ring, minmay_misc_feat_plants

Skill      XL: |  1  2 |
---------------+-------+-----
Armour         | 4 |  4.0
Fighting       | |  3.9
Axes           | |  2.8
Shields        | |  3.8

Action                   || total
-------------------------++-------
Melee: War axe           ||    30
       Headbutt          ||     3
  Use: Potion            ||     1
Armor: Scale mail        ||    13
Dodge: Dodged            ||    12
Block: Kite shield       ||    16
